Monarchs vs Saguenéens
(R1)
Created - May 26, 2020 at 19:09
Goals
|
| Monarchs |
0 |
3 |
1 |
4 |
| Saguenéens |
0 |
1 |
0 |
1 |
|
Shots
|
| Monarchs |
4 |
13 |
6 |
23 |
| Saguenéens |
12 |
16 |
10 |
38 |
|
1st period
No Goal
Penalties :
Brendan Lemieux (MAN) for Hooking (Minor) at 0:25, Duncan Siemens (Chi) for Hooking (Minor) at 3:34, JT Compher (MAN) for Holding (Minor) at 8:35, Eric Comrie (MAN) for Delaying the game (Minor) at 12:35 - Curtis Lazar served the penalty, Mark Pysyk (MAN) for Diving (Minor) at 12:39, Nick Mattson (Chi) for Goalie Interference (Minor) at 15:43
2nd period
1. Monarchs , Chris Campoli 1 (Morgan Rielly 1) at 8:30
2. Monarchs , JT Compher 4 (Nathan MacKinnon 7) at 15:29 (PP)
3. Saguenéens , Henrik Samuelsson 2 (Tobias Rieder 4) at 18:51
4. Monarchs , Tim Schaller 3 (Anthony Mantha 2, Sam Reinhart 4) at 19:22
Penalties :
Patrick Sieloff (Chi) for High sticking (Minor) at 3:24, Duncan Siemens (Chi) for Hooking (Minor) at 15:26
3rd period
5. Monarchs , JT Compher 5 (Nathan MacKinnon 8, Brendan Lemieux 3) at 15:25
Penalties :
JT Compher (MAN) for Roughing (Minor) at 11:15
Goalie Stats
Eric Comrie (MAN), 37 saves from 38 shots - (0.974), W, 2-0-0, 60:00 minutes
Joe Cannata (Chi), 19 saves from 23 shots - (0.826), L, 3-2-0, 60:00 minutes
Players Stats for Monarchs
Player Name G A P +/- PIM S H SB GA TA FO MP PP MP PK MP
------------------------------------------------------------------------------------
Aaron Ekblad 0 0 0 -1 0 1 2 4 0 1 0/0 20:17 3:53 2:58
Anthony Mantha 0 1 1 2 0 2 1 0 0 0 0/0 15:09 3:09 0:00
Brendan Lemieux 0 1 1 0 2 0 1 3 1 0 0/0 14:45 2:44 0:00
Chris Campoli 1 0 1 1 0 1 2 0 1 1 0/0 19:15 0:00 4:40
Craig Smith 0 0 0 0 0 2 7 0 1 0 0/0 20:12 2:44 2:22
Curtis Lazar 0 0 0 0 0 0 0 0 0 0 1/1 7:12 0:00 0:35
Griffin Reinhart 0 0 0 1 0 1 0 1 0 0 0/0 19:03 3:53 1:41
Jacob De La Rose 0 0 0 0 0 0 1 0 1 0 0/0 9:33 0:00 2:42
Jeff Petry 0 0 0 1 0 0 1 2 0 1 0/0 14:21 0:00 2:58
JT Compher 2 0 2 0 4 3 2 1 2 0 1/1 17:51 2:59 0:00
Mark Pysyk 0 0 0 -1 2 0 1 0 1 0 0/0 15:16 0:00 3:20
Max Friberg 0 0 0 0 0 3 0 1 0 0 3/4 15:04 0:07 2:42
Max Reinhart 0 0 0 0 0 3 0 0 0 1 11/19 18:51 2:07 4:35
Mike Reilly 0 0 0 1 0 0 0 0 0 0 0/0 6:36 0:00 0:00
Morgan Rielly 0 1 1 1 0 0 0 1 1 0 0/0 16:09 2:07 0:00
Nathan MacKinnon 0 2 2 0 0 3 2 0 0 1 13/26 18:01 3:09 0:00
Oliver Bjorkstrand 0 0 0 0 0 1 1 0 0 0 0/0 6:58 0:07 0:00
Sam Reinhart 0 1 1 2 0 0 2 0 0 1 6/9 14:51 2:44 0:00
Tim Schaller 1 0 1 2 0 3 0 2 0 0 0/0 13:38 0:17 1:09
Tony DeAngelo 0 0 0 1 0 0 0 0 0 0 0/0 6:59 0:00 0:22
Players Stats for Saguenéens
Player Name G A P +/- PIM S H SB GA TA FO MP PP MP PK MP
------------------------------------------------------------------------------------
Alexander Wennberg 0 0 0 -2 0 6 1 1 0 1 17/33 19:38 3:44 0:00
Carl Hagelin 0 0 0 0 0 3 2 1 0 0 0/1 15:44 3:33 0:00
Craig Cunningham 0 0 0 0 0 3 1 2 0 0 0/0 12:09 0:43 0:43
Duncan Siemens 0 0 0 -1 4 0 0 1 0 0 0/0 12:56 0:28 0:40
Garnet Hathaway 0 0 0 -2 0 2 1 0 1 0 3/5 22:58 3:44 3:17
Henrik Samuelsson 1 0 1 0 0 3 2 1 0 0 5/15 16:27 3:33 0:03
Julius Honka 0 0 0 -1 0 1 1 0 0 0 0/0 13:10 0:28 1:31
Mark Stone 0 0 0 0 0 3 4 0 1 0 0/1 12:41 0:40 1:54
Mason Raymond 0 0 0 -2 0 6 4 2 2 0 0/1 22:55 3:44 3:17
Mattias Janmark 0 0 0 0 0 0 0 0 0 0 0/2 10:10 0:14 0:00
Mike Amadio 0 0 0 0 0 0 0 1 0 2 0/2 7:04 0:00 0:00
Nick Mattson 0 0 0 -1 2 2 3 3 0 2 0/0 25:13 4:20 2:25
Patrick Sieloff 0 0 0 0 2 2 2 0 0 1 0/0 21:27 3:12 1:32
Rhett Rakhshani 0 0 0 0 0 1 2 0 0 0 0/0 7:40 0:32 0:00
Robert Hagg 0 0 0 0 0 0 1 4 0 0 0/0 22:28 3:12 2:50
Seth Helgeson 0 0 0 -1 0 1 4 2 1 2 0/0 25:30 4:20 3:02
Teemu Pulkkinen 0 0 0 0 0 1 1 0 1 0 0/0 8:04 0:00 0:52
Tobias Rieder 0 1 1 0 0 4 2 1 0 0 0/0 17:42 3:33 1:54
3 Stars
1 - Eric Comrie (MAN)
2 - Tim Schaller (MAN)
3 - JT Compher (MAN)
Power Play
Monarchs - 1 on 4 Attempt(s) - 25.00%
Saguenéens - 0 on 5 Attempt(s) - 0.00%
Penalty Kill
Monarchs - 5 on 5 Attempt(s) - 100.00%
- Score 0 goal in Penalty Kill
Saguenéens - 3 on 4 Attempt(s) - 75.00%
- Score 0 goal in Penalty Kill
Team Stat
Monarchs - Hits : 23 - Faceoff Wins : 35 - Blocked Shots : 15 - Penalty Minutes : 10
Saguenéens - Hits : 31 - Faceoff Wins : 25 - Blocked Shots : 19 - Penalty Minutes : 8
Official
Referees : Unknown
Linesman : Unknown
Game Notes
No Game Note
Finance
Level 1 -- Attendance: 1710 (85.50%) -- Ticket Income $68,400
Level 2 -- Attendance: 893 (89.30%) -- Ticket Income $17,860
Total Attendance: 2603 (86.77%)
Total Ticket Income: $86,260
Other Income: $4,313
Total Income: $90,573
Monarchs
5 vs 5 Forward
Center Left Wing Right Wing Time % Phy DF OF
1 Nathan MacKinnon JT Compher Craig Smith 35 1 2 2
2 Max Reinhart Brendan Lemieux Max Friberg 30 1 2 2
3 Sam Reinhart Tim Schaller Anthony Mantha 30 1 2 2
4 Curtis Lazar Jacob De La Rose Oliver Bjorkstrand 5 1 2 2
5 vs 5 Defense
Defense Defense Time % Phy DF OF
1 Aaron Ekblad Mark Pysyk 30 1 2 2
2 Morgan Rielly Chris Campoli 30 1 2 2
3 Jeff Petry Griffin Reinhart 25 1 2 2
4 Mike Reilly Tony DeAngelo 15 1 2 2
PowerPlay Forward
Center Left Wing Right Wing Time % Phy DF OF
1 Nathan MacKinnon JT Compher Anthony Mantha 60 1 2 2
2 Sam Reinhart Brendan Lemieux Craig Smith 40 1 2 2
PowerPlay Defense
Defense Defense Time % Phy DF OF
1 Aaron Ekblad Griffin Reinhart 60 1 2 2
2 Morgan Rielly Max Reinhart 40 1 2 2
Penalty Kill 4 Players Forward
Center Wing Time % Phy DF OF
1 Max Reinhart Craig Smith 60 0 4 1
2 Max Friberg Jacob De La Rose 40 0 4 1
Penalty Kill 4 Players Defense
Defense Defense Time % Phy DF OF
1 Chris Campoli Mark Pysyk 60 1 4 0
2 Jeff Petry Aaron Ekblad 40 1 4 0
Penalty Kill - 3 Players Forward
Forward Time % Phy DF OF
1 Max Reinhart 60 1 3 1
2 Max Friberg 40 1 3 1
Penalty Kill - 3 Players Defense
Defense Defense Time % Phy DF OF
1 Chris Campoli Mark Pysyk 60 1 4 0
2 Jeff Petry Aaron Ekblad 40 1 4 0
4 vs 4 Forward
Center Wing Time % Phy DF OF
1 Nathan MacKinnon Anthony Mantha 60 1 2 2
2 Max Reinhart Sam Reinhart 40 1 2 2
4 vs 4 Defense
Defense Defense Time % Phy DF OF
1 Aaron Ekblad Mark Pysyk 60 1 2 2
2 Chris Campoli Morgan Rielly 40 1 2 2
Last Minutes Offensive
Center Left Wing Right Wing Defense Defense
Nathan MacKinnon Tim Schaller Craig Smith Aaron Ekblad Mark Pysyk
Last Minutes Defensive
Center Left Wing Right Wing Defense Defense
Max Reinhart Jacob De La Rose Craig Smith Mark Pysyk Chris Campoli
Goaltenders
Starting : Eric Comrie
Backup : Kaapo Kahkonen
Extra Forwards
Normal : Max Reinhart, Nathan MacKinnon, Sam Reinhart - PP : Tim Schaller, Max Friberg - PK : Tim Schaller
Extra Defensemen
Normal : Griffin Reinhart, Aaron Ekblad, Morgan Rielly - PP : Tony DeAngelo - PK : Griffin Reinhart, Tony DeAngelo
Penalty Shots
Oliver Bjorkstrand, Max Reinhart, JT Compher, Tim Schaller, Max Friberg
Scratches
Artturi Lehkonen (Healthy), Michael McCarron (Healthy), Anthony Peluso (Healthy), Jeremy Welsh (Healthy), Gustav Forsling (Healthy)
Chase De Leo (Healthy), Jason Missiaen (Healthy)
Saguenéens
5 vs 5 Forward
Center Left Wing Right Wing Time % Phy DF OF
1 Alexander Wennberg Mason Raymond Garnet Hathaway 40 1 2 2
2 Henrik Samuelsson Carl Hagelin Tobias Rieder 30 1 2 2
3 Mattias Janmark Craig Cunningham Mark Stone 20 1 2 2
4 Mike Amadio Teemu Pulkkinen Rhett Rakhshani 10 1 2 2
5 vs 5 Defense
Defense Defense Time % Phy DF OF
1 Seth Helgeson Nick Mattson 40 1 2 2
2 Robert Hagg Patrick Sieloff 30 1 2 2
3 Duncan Siemens Julius Honka 20 1 2 2
4 Seth Helgeson Nick Mattson 10 1 2 2
PowerPlay Forward
Center Left Wing Right Wing Time % Phy DF OF
1 Alexander Wennberg Mason Raymond Garnet Hathaway 60 1 2 2
2 Henrik Samuelsson Carl Hagelin Tobias Rieder 40 1 2 2
PowerPlay Defense
Defense Defense Time % Phy DF OF
1 Seth Helgeson Nick Mattson 60 1 2 2
2 Robert Hagg Patrick Sieloff 40 1 2 2
Penalty Kill 4 Players Forward
Center Wing Time % Phy DF OF
1 Garnet Hathaway Mason Raymond 60 1 2 2
2 Tobias Rieder Mark Stone 40 1 2 2
Penalty Kill 4 Players Defense
Defense Defense Time % Phy DF OF
1 Seth Helgeson Nick Mattson 60 1 2 2
2 Robert Hagg Patrick Sieloff 40 1 2 2
Penalty Kill - 3 Players Forward
Forward Time % Phy DF OF
1 Garnet Hathaway 60 1 2 2
2 Mason Raymond 40 1 2 2
Penalty Kill - 3 Players Defense
Defense Defense Time % Phy DF OF
1 Seth Helgeson Nick Mattson 60 1 2 2
2 Robert Hagg Patrick Sieloff 40 1 2 2
4 vs 4 Forward
Center Wing Time % Phy DF OF
1 Garnet Hathaway Mason Raymond 60 1 2 2
2 Tobias Rieder Mark Stone 40 1 2 2
4 vs 4 Defense
Defense Defense Time % Phy DF OF
1 Seth Helgeson Nick Mattson 60 1 2 2
2 Robert Hagg Patrick Sieloff 40 1 2 2
Last Minutes Offensive
Center Left Wing Right Wing Defense Defense
Alexander Wennberg Mason Raymond Garnet Hathaway Seth Helgeson Nick Mattson
Last Minutes Defensive
Center Left Wing Right Wing Defense Defense
Alexander Wennberg Mason Raymond Garnet Hathaway Seth Helgeson Nick Mattson
Goaltenders
Starting : Joe Cannata
Backup : Tyler Beskorowany
Extra Forwards
Normal : Craig Cunningham, Rhett Rakhshani, Teemu Pulkkinen - PP : Craig Cunningham, Rhett Rakhshani - PK : Teemu Pulkkinen
Extra Defensemen
Normal : Duncan Siemens, Julius Honka, Robert Hagg - PP : Duncan Siemens - PK : Julius Honka, Robert Hagg
Penalty Shots
Garnet Hathaway, Mason Raymond, Tobias Rieder, Mark Stone, Alexander Wennberg
Scratches
Mikhail Grigorenko (Healthy), Tanner Richard (Healthy), Jake McCabe (Healthy), Juraj Mikus (Healthy), Myles Bell (Healthy)
Dylan Labbe (Healthy), Adam Erne (Healthy), Nick Paul (Healthy), Calle Andersson (Healthy), Clark Bishop (Healthy)
Nikita Scherbak (Healthy), JJ. Piccinich (Healthy), Michael Giugovaz (Healthy)
% Time on Ice - Monarchs
Lines # - Real PCT - Wanted PCT - Time Play
Normal Forward
1 - 33% - 35% - 15:22
2 - 26% - 30% - 12:04
3 - 26% - 30% - 11:57
4 - 14% - 5% - 6:37
Normal Defense
1 - 30% - 30% - 13:59
2 - 31% - 30% - 14:03
3 - 25% - 25% - 11:22
4 - 14% - 15% - 6:36
PP Forward
1 - 54% - 60% - 3:16
2 - 46% - 40% - 2:44
PP Defense
1 - 65% - 60% - 3:53
2 - 35% - 40% - 2:07
PK Forward
1 - 65% - 60% - 3:59
2 - 35% - 40% - 2:06
PK Defense
1 - 62% - 60% - 3:46
2 - 38% - 40% - 2:19
PK3 Forward
1 - 69% - 60% - 1:19
2 - 31% - 40% - 0:36
PK3 Defense
1 - 66% - 60% - 1:16
2 - 34% - 40% - 0:39
44 Forward
1 - 0% - 60%
2 - 0% - 40%
44 Defense
1 - 0% - 60%
2 - 0% - 40%
Last Minute Offensive - 0:00
Last Minute Defensive - 0:00
Total
Forward - 60:00
Defense - 60:00
|
% Time on Ice - Saguenéens
Lines # - Real PCT - Wanted PCT - Time Play
Normal Forward
1 - 36% - 40% - 16:45
2 - 27% - 30% - 12:15
3 - 22% - 20% - 9:56
4 - 15% - 10% - 7:04
Normal Defense
1 - 39% - 40% - 18:09
2 - 35% - 30% - 15:58
3 - 25% - 20% - 11:32
4 - 1% - 10% - 0:21
PP Forward
1 - 51% - 60% - 4:06
2 - 49% - 40% - 3:54
PP Defense
1 - 60% - 60% - 4:48
2 - 40% - 40% - 3:12
PK Forward
1 - 68% - 60% - 4:06
2 - 32% - 40% - 1:54
PK Defense
1 - 59% - 60% - 3:34
2 - 41% - 40% - 2:26
PK3 Forward
1 - 0% - 60%
2 - 0% - 40%
PK3 Defense
1 - 0% - 60%
2 - 0% - 40%
44 Forward
1 - 0% - 60%
2 - 0% - 40%
44 Defense
1 - 0% - 60%
2 - 0% - 40%
Last Minute Offensive - 0:00
Last Minute Defensive - 0:00
Total
Forward - 60:00
Defense - 60:00
|
Play-by-Play
1st period
0:01 of 1st period - Alexander Wennberg wins face-off versus Nathan MacKinnon in neutral zone.
0:25 of 1st period - Minor Penalty to Brendan Lemieux for Hooking.
0:26 of 1st period - Alexander Wennberg wins face-off versus Max Reinhart in Monarchs zone.
1:01 of 1st period - Off-side.
1:02 of 1st period - Alexander Wennberg wins face-off versus Max Reinhart in neutral zone.
2:25 of 1st period - Penalty to Brendan Lemieux is over, Brendan Lemieux is back on ice.
2:48 of 1st period - Snap shot by Craig Cunningham.
2:48 of 1st period - Stopped by Eric Comrie with a rebound.
3:08 of 1st period - Rhett Rakhshani is hit by Craig Smith and loses puck.
3:16 of 1st period - Icing by Julius Honka.
3:17 of 1st period - Curtis Lazar wins face-off versus Mike Amadio in Saguenéens zone.
3:34 of 1st period - Minor Penalty to Duncan Siemens for Hooking.
3:35 of 1st period - Nathan MacKinnon wins face-off versus Mason Raymond in Saguenéens zone.
4:06 of 1st period - Snap shot by Craig Smith.
4:06 of 1st period - Shot Blocked by Nick Mattson.
4:13 of 1st period - Icing by Aaron Ekblad.
4:14 of 1st period - Garnet Hathaway wins face-off versus Sam Reinhart in Monarchs zone.
4:37 of 1st period - Wrist shot by Brendan Lemieux.
4:37 of 1st period - Shot Blocked by Robert Hagg.
4:55 of 1st period - Backhand shot by JT Compher.
4:55 of 1st period - Deflect By Nathan MacKinnon.
4:55 of 1st period - Shot Misses the Net.
4:55 of 1st period - Puck is out of play.
4:56 of 1st period - Garnet Hathaway wins face-off versus Nathan MacKinnon in Saguenéens zone.
5:34 of 1st period - Penalty to Duncan Siemens is over, Duncan Siemens is back on ice.
5:43 of 1st period - Julius Honka is hit by Jacob De La Rose and loses puck.
6:09 of 1st period - Max Friberg is hit by Tobias Rieder and loses puck.
6:58 of 1st period - Wrist shot by Curtis Lazar.
6:58 of 1st period - Shot Misses the Net.
7:00 of 1st period - Snap shot by Curtis Lazar.
7:00 of 1st period - Shot Misses the Net.
7:04 of 1st period - Slapshot by Oliver Bjorkstrand.
7:04 of 1st period - Stopped by Joe Cannata with a rebound.
7:16 of 1st period - Wrist shot by Max Friberg.
7:16 of 1st period - Shot Misses the Net.
7:18 of 1st period - Snap shot by Max Friberg.
7:18 of 1st period - Shot Misses the Net.
7:32 of 1st period - Snap shot by Tim Schaller.
7:32 of 1st period - Stopped by Joe Cannata with a rebound.
7:34 of 1st period - Snap shot by Tim Schaller.
7:34 of 1st period - Stopped by Joe Cannata with a rebound.
7:52 of 1st period - Backhand shot by Craig Cunningham.
7:52 of 1st period - Stopped by Eric Comrie without a rebound.
7:53 of 1st period - Alexander Wennberg wins face-off versus Max Reinhart in Monarchs zone.
8:07 of 1st period - Slapshot by Alexander Wennberg.
8:07 of 1st period - Shot Misses the Net.
8:09 of 1st period - Snap shot by Mason Raymond.
8:09 of 1st period - Shot Blocked by Max Friberg.
8:19 of 1st period - Wrist shot by Craig Cunningham.
8:19 of 1st period - Deflect By Craig Smith.
8:19 of 1st period - Stopped by Eric Comrie with a rebound.
8:21 of 1st period - Snap shot by Patrick Sieloff.
8:21 of 1st period - Stopped by Eric Comrie with a rebound.
8:23 of 1st period - Slapshot by Mark Stone.
8:23 of 1st period - Shot Blocked by JT Compher.
8:35 of 1st period - Minor Penalty to JT Compher for Holding.
8:36 of 1st period - Max Reinhart wins face-off versus Alexander Wennberg in Monarchs zone.
9:14 of 1st period - Off-side.
9:15 of 1st period - Max Friberg wins face-off versus Henrik Samuelsson in neutral zone.
10:35 of 1st period - Penalty to JT Compher is over, JT Compher is back on ice.
10:46 of 1st period - Snap shot by Mark Stone.
10:46 of 1st period - Stopped by Eric Comrie with a rebound.
10:50 of 1st period - Snap shot by Mark Stone.
10:50 of 1st period - Stopped by Eric Comrie without a rebound.
10:51 of 1st period - Max Reinhart wins face-off versus Mike Amadio in Monarchs zone.
11:02 of 1st period - Snap shot by Max Friberg.
11:02 of 1st period - Stopped by Joe Cannata without a rebound.
11:03 of 1st period - Nathan MacKinnon wins face-off versus Alexander Wennberg in Saguenéens zone.
11:10 of 1st period - Robert Hagg is hit by Craig Smith and loses puck.
11:38 of 1st period - Chris Campoli is hit by Robert Hagg and loses puck.
11:41 of 1st period - Wrist shot by Tim Schaller.
11:41 of 1st period - Shot Misses the Net.
11:43 of 1st period - Slapshot by Sam Reinhart.
11:43 of 1st period - Shot Misses the Net.
12:03 of 1st period - Wrist shot by Max Friberg.
12:03 of 1st period - Shot Blocked by Carl Hagelin.
12:35 of 1st period - Snap shot by Teemu Pulkkinen.
12:35 of 1st period - Stopped by Eric Comrie without a rebound.
12:35 of 1st period - Minor Penalty to Eric Comrie for Delaying the game.
12:36 of 1st period - Max Reinhart wins face-off versus Alexander Wennberg in Monarchs zone.
12:36 of 1st period - Max Reinhart is hit by Seth Helgeson.
12:39 of 1st period - Minor Penalty to Mark Pysyk for Diving.
12:40 of 1st period - Max Reinhart wins face-off versus Alexander Wennberg in Monarchs zone.
12:52 of 1st period - Snap shot by Mason Raymond.
12:52 of 1st period - Stopped by Eric Comrie without a rebound.
12:53 of 1st period - Max Reinhart wins face-off versus Alexander Wennberg in Monarchs zone.
13:24 of 1st period - Icing by Nick Mattson.
13:25 of 1st period - Henrik Samuelsson wins face-off versus Max Reinhart in Saguenéens zone.
13:34 of 1st period - Snap shot by Carl Hagelin.
13:34 of 1st period - Stopped by Eric Comrie without a rebound.
13:35 of 1st period - Alexander Wennberg wins face-off versus Max Reinhart in Monarchs zone.
14:08 of 1st period - Slapshot by Mason Raymond.
14:08 of 1st period - Shot Misses the Net.
14:10 of 1st period - Slapshot by Patrick Sieloff.
14:10 of 1st period - Stopped by Eric Comrie with a rebound.
14:12 of 1st period - Wrist shot by Mason Raymond.
14:12 of 1st period - Stopped by Eric Comrie without a rebound.
14:13 of 1st period - Henrik Samuelsson wins face-off versus Max Friberg in Monarchs zone.
14:35 of 1st period - Penalty to Curtis Lazar is over, Curtis Lazar is back on ice.
14:39 of 1st period - Penalty to Mark Pysyk is over, Mark Pysyk is back on ice.
14:58 of 1st period - Wrist shot by Sam Reinhart.
14:58 of 1st period - Shot Blocked by Nick Mattson.
15:08 of 1st period - Mark Stone is hit by Craig Smith and loses puck.
15:43 of 1st period - Minor Penalty to Nick Mattson for Goalie Interference.
15:44 of 1st period - Nathan MacKinnon wins face-off versus Garnet Hathaway in Saguenéens zone.
16:11 of 1st period - Robert Hagg is hit by Craig Smith.
16:29 of 1st period - Snap shot by Tobias Rieder.
16:29 of 1st period - Shot Blocked by Griffin Reinhart.
17:11 of 1st period - Snap shot by Teemu Pulkkinen.
17:11 of 1st period - Shot Misses the Net.
17:43 of 1st period - Penalty to Nick Mattson is over, Nick Mattson is back on ice.
18:29 of 1st period - Nathan MacKinnon is hit by Mason Raymond and loses puck.
18:50 of 1st period - Wrist shot by Craig Cunningham.
18:50 of 1st period - Shot Misses the Net.
19:22 of 1st period - Patrick Sieloff is hit by Chris Campoli and loses puck.
19:49 of 1st period - Wrist shot by Mark Stone.
19:49 of 1st period - Shot Blocked by Aaron Ekblad.
19:51 of 1st period - Wrist shot by Mark Stone.
19:51 of 1st period - Stopped by Eric Comrie without a rebound.
19:52 of 1st period - Max Reinhart wins face-off versus Henrik Samuelsson in Monarchs zone.
Goals for this period are 0 for Monarchs vs 0 for Saguenéens.
Shots for this period are 4 for Monarchs vs 12 for Saguenéens.
2nd period
0:01 of 2nd period - Alexander Wennberg wins face-off versus Nathan MacKinnon in neutral zone.
0:08 of 2nd period - Mason Raymond is hit by Jeff Petry and loses puck.
0:29 of 2nd period - Icing by Henrik Samuelsson.
0:30 of 2nd period - Henrik Samuelsson wins face-off versus Sam Reinhart in Saguenéens zone.
1:03 of 2nd period - Wrist shot by Tobias Rieder.
1:03 of 2nd period - Stopped by Eric Comrie with a rebound.
1:05 of 2nd period - Wrist shot by Tobias Rieder.
1:05 of 2nd period - Stopped by Eric Comrie without a rebound.
1:06 of 2nd period - Nathan MacKinnon wins face-off versus Alexander Wennberg in Monarchs zone.
1:06 of 2nd period - Nathan MacKinnon is hit by Nick Mattson.
1:29 of 2nd period - Icing by Mark Pysyk.
1:30 of 2nd period - Max Reinhart wins face-off versus Mattias Janmark in Monarchs zone.
1:30 of 2nd period - Max Reinhart is hit by Mark Stone.
2:12 of 2nd period - Off-side.
2:13 of 2nd period - Sam Reinhart wins face-off versus Henrik Samuelsson in neutral zone.
2:16 of 2nd period - Wrist shot by Sam Reinhart.
2:16 of 2nd period - Shot Misses the Net.
2:18 of 2nd period - Snap shot by Tim Schaller.
2:18 of 2nd period - Shot Misses the Net.
2:26 of 2nd period - Snap shot by Anthony Mantha.
2:26 of 2nd period - Stopped by Joe Cannata with a rebound.
2:28 of 2nd period - Slapshot by Jeff Petry.
2:28 of 2nd period - Shot Misses the Net.
2:38 of 2nd period - Alexander Wennberg is hit by JT Compher.
2:59 of 2nd period - Snap shot by Max Friberg.
2:59 of 2nd period - Stopped by Joe Cannata without a rebound.
3:00 of 2nd period - Max Reinhart wins face-off versus Mattias Janmark in Saguenéens zone.
3:07 of 2nd period - Wrist shot by Max Friberg.
3:07 of 2nd period - Shot Misses the Net.
3:09 of 2nd period - Snap shot by Brendan Lemieux.
3:09 of 2nd period - Shot Misses the Net.
3:11 of 2nd period - Slapshot by Max Friberg.
3:11 of 2nd period - Stopped by Joe Cannata with a rebound.
3:13 of 2nd period - Snap shot by Max Reinhart.
3:13 of 2nd period - Shot Misses the Net.
3:15 of 2nd period - Snap shot by Max Reinhart.
3:15 of 2nd period - Stopped by Joe Cannata with a rebound.
3:17 of 2nd period - Snap shot by Max Reinhart.
3:17 of 2nd period - Shot Misses the Net.
3:24 of 2nd period - Minor Penalty to Patrick Sieloff for High sticking.
3:25 of 2nd period - Garnet Hathaway wins face-off versus Nathan MacKinnon in Saguenéens zone.
3:37 of 2nd period - Snap shot by Nathan MacKinnon.
3:37 of 2nd period - Stopped by Joe Cannata with a rebound.
3:57 of 2nd period - Seth Helgeson is hit by Craig Smith and loses puck.
5:24 of 2nd period - Penalty to Patrick Sieloff is over, Patrick Sieloff is back on ice.
5:52 of 2nd period - Jacob De La Rose is hit by Craig Cunningham and loses puck.
6:09 of 2nd period - Max Reinhart is hit by Rhett Rakhshani and loses puck.
6:16 of 2nd period - Backhand shot by Rhett Rakhshani.
6:16 of 2nd period - Shot Misses the Net.
6:18 of 2nd period - Slapshot by Julius Honka.
6:18 of 2nd period - Deflect By Rhett Rakhshani.
6:18 of 2nd period - Shot Blocked by Brendan Lemieux.
6:18 of 2nd period - Puck is out of play.
6:19 of 2nd period - Sam Reinhart wins face-off versus Alexander Wennberg in Monarchs zone.
6:30 of 2nd period - Slapshot by Anthony Mantha.
6:30 of 2nd period - Shot Misses the Net.
6:32 of 2nd period - Wrist shot by Sam Reinhart.
6:32 of 2nd period - Shot Blocked by Robert Hagg.
6:34 of 2nd period - Slapshot by Morgan Rielly.
6:34 of 2nd period - Shot Blocked by Robert Hagg.
6:44 of 2nd period - Mike Amadio is hit by Nathan MacKinnon and loses puck.
6:51 of 2nd period - Craig Smith is hit by Teemu Pulkkinen and loses puck.
7:01 of 2nd period - Icing by Mark Pysyk.
7:02 of 2nd period - Nathan MacKinnon wins face-off versus Henrik Samuelsson in Monarchs zone.
7:13 of 2nd period - Snap shot by Anthony Mantha.
7:13 of 2nd period - Shot Blocked by Henrik Samuelsson.
7:15 of 2nd period - Wrist shot by Tim Schaller.
7:15 of 2nd period - Shot Blocked by Tobias Rieder.
7:17 of 2nd period - Snap shot by Anthony Mantha.
7:17 of 2nd period - Stopped by Joe Cannata with a rebound.
7:33 of 2nd period - Wrist shot by Max Friberg.
7:33 of 2nd period - Shot Misses the Net.
7:35 of 2nd period - Wrist shot by Max Friberg.
7:35 of 2nd period - Shot Misses the Net.
7:37 of 2nd period - Slapshot by Mark Pysyk.
7:37 of 2nd period - Shot Blocked by Mason Raymond.
7:55 of 2nd period - Robert Hagg is hit by Nathan MacKinnon and loses puck.
8:30 of 2nd period - Slapshot by Chris Campoli.
8:30 of 2nd period - Goal by Chris Campoli - Monarchs : 1 - Saguenéens : 0.
8:31 of 2nd period - Alexander Wennberg wins face-off versus Nathan MacKinnon in neutral zone.
8:43 of 2nd period - Snap shot by Garnet Hathaway.
8:43 of 2nd period - Stopped by Eric Comrie with a rebound.
9:21 of 2nd period - Wrist shot by Max Reinhart.
9:21 of 2nd period - Stopped by Joe Cannata with a rebound.
9:23 of 2nd period - Slapshot by Jeff Petry.
9:23 of 2nd period - Shot Blocked by Craig Cunningham.
9:35 of 2nd period - Slapshot by Mason Raymond.
9:35 of 2nd period - Shot Misses the Net.
9:37 of 2nd period - Snap shot by Mason Raymond.
9:37 of 2nd period - Shot Blocked by Aaron Ekblad.
9:39 of 2nd period - Wrist shot by Mason Raymond.
9:39 of 2nd period - Stopped by Eric Comrie with a rebound.
9:41 of 2nd period - Slapshot by Duncan Siemens.
9:41 of 2nd period - Shot Misses the Net.
9:43 of 2nd period - Slapshot by Julius Honka.
9:43 of 2nd period - Stopped by Eric Comrie without a rebound.
9:44 of 2nd period - Alexander Wennberg wins face-off versus Nathan MacKinnon in Monarchs zone.
10:09 of 2nd period - Anthony Mantha is hit by Tobias Rieder.
10:19 of 2nd period - Snap shot by Tobias Rieder.
10:19 of 2nd period - Shot Misses the Net.
10:36 of 2nd period - Off-side.
10:37 of 2nd period - Alexander Wennberg wins face-off versus Nathan MacKinnon in neutral zone.
11:30 of 2nd period - Snap shot by Rhett Rakhshani.
11:30 of 2nd period - Stopped by Eric Comrie with a rebound.
11:32 of 2nd period - Snap shot by Seth Helgeson.
11:32 of 2nd period - Stopped by Eric Comrie with a rebound.
11:36 of 2nd period - Wrist shot by Mike Amadio.
11:36 of 2nd period - Shot Blocked by Tim Schaller.
11:52 of 2nd period - Wrist shot by Mark Stone.
11:52 of 2nd period - Shot Misses the Net.
11:54 of 2nd period - Slapshot by Seth Helgeson.
11:54 of 2nd period - Shot Blocked by Morgan Rielly.
12:20 of 2nd period - Snap shot by Craig Smith.
12:20 of 2nd period - Shot Blocked by Duncan Siemens.
12:22 of 2nd period - Slapshot by Morgan Rielly.
12:22 of 2nd period - Shot Misses the Net.
13:32 of 2nd period - Snap shot by Mason Raymond.
13:32 of 2nd period - Stopped by Eric Comrie with a rebound.
13:34 of 2nd period - Snap shot by Alexander Wennberg.
13:34 of 2nd period - Stopped by Eric Comrie without a rebound.
13:35 of 2nd period - Max Friberg wins face-off versus Henrik Samuelsson in Monarchs zone.
13:49 of 2nd period - Slapshot by Carl Hagelin.
13:49 of 2nd period - Shot Blocked by Brendan Lemieux.
13:51 of 2nd period - Slapshot by Nick Mattson.
13:51 of 2nd period - Shot Misses the Net.
14:08 of 2nd period - Snap shot by Max Reinhart.
14:08 of 2nd period - Shot Blocked by Seth Helgeson.
14:10 of 2nd period - Wrist shot by Max Friberg.
14:10 of 2nd period - Shot Blocked by Nick Mattson.
14:12 of 2nd period - Wrist shot by Brendan Lemieux.
14:12 of 2nd period - Shot Misses the Net.
14:14 of 2nd period - Wrist shot by Max Friberg.
14:14 of 2nd period - Deflect By Max Reinhart.
14:14 of 2nd period - Shot Blocked by Craig Cunningham.
14:14 of 2nd period - Puck is out of play.
14:15 of 2nd period - Alexander Wennberg wins face-off versus Nathan MacKinnon in Saguenéens zone.
14:15 of 2nd period - Alexander Wennberg is hit by Craig Smith.
14:25 of 2nd period - Aaron Ekblad is hit by Alexander Wennberg and loses puck.
14:44 of 2nd period - Slapshot by Robert Hagg.
14:44 of 2nd period - Shot Misses the Net.
14:46 of 2nd period - Slapshot by Henrik Samuelsson.
14:46 of 2nd period - Stopped by Eric Comrie without a rebound.
14:47 of 2nd period - Henrik Samuelsson wins face-off versus Sam Reinhart in Monarchs zone.
15:26 of 2nd period - Minor Penalty to Duncan Siemens for Hooking.
15:27 of 2nd period - JT Compher wins face-off versus Garnet Hathaway in Saguenéens zone.
15:27 of 2nd period - Wrist shot by Nathan MacKinnon.
15:27 of 2nd period - Deflect By JT Compher.
15:27 of 2nd period - Stopped by Joe Cannata with a rebound.
15:29 of 2nd period - Slapshot by JT Compher.
15:29 of 2nd period - Goal by JT Compher - Monarchs : 2 - Saguenéens : 0.
15:30 of 2nd period - Alexander Wennberg wins face-off versus Nathan MacKinnon in neutral zone.
15:57 of 2nd period - Aaron Ekblad is hit by Henrik Samuelsson and loses puck.
16:27 of 2nd period - Icing by Max Reinhart.
16:28 of 2nd period - Max Friberg wins face-off versus Alexander Wennberg in Monarchs zone.
16:43 of 2nd period - Wrist shot by Brendan Lemieux.
16:43 of 2nd period - Shot Blocked by Alexander Wennberg.
16:48 of 2nd period - Off-side.
16:49 of 2nd period - Nathan MacKinnon wins face-off versus Henrik Samuelsson in neutral zone.
17:23 of 2nd period - Snap shot by Garnet Hathaway.
17:23 of 2nd period - Shot Blocked by Jeff Petry.
17:25 of 2nd period - Slapshot by Seth Helgeson.
17:25 of 2nd period - Deflect By Mason Raymond.
17:25 of 2nd period - Stopped by Eric Comrie with a rebound.
17:27 of 2nd period - Slapshot by Nick Mattson.
17:27 of 2nd period - Stopped by Eric Comrie with a rebound.
17:41 of 2nd period - Wrist shot by Max Reinhart.
17:41 of 2nd period - Shot Misses the Net.
18:04 of 2nd period - Patrick Sieloff is hit by Craig Smith and loses puck.
18:47 of 2nd period - Wrist shot by Alexander Wennberg.
18:47 of 2nd period - Stopped by Eric Comrie without a rebound.
18:48 of 2nd period - Henrik Samuelsson wins face-off versus Nathan MacKinnon in Monarchs zone.
18:49 of 2nd period - Snap shot by Tobias Rieder.
18:49 of 2nd period - Shot Blocked by Aaron Ekblad.
18:51 of 2nd period - Wrist shot by Henrik Samuelsson.
18:51 of 2nd period - Goal by Henrik Samuelsson - Monarchs : 2 - Saguenéens : 1.
18:52 of 2nd period - Alexander Wennberg wins face-off versus Nathan MacKinnon in neutral zone.
19:05 of 2nd period - Wrist shot by Nathan MacKinnon.
19:05 of 2nd period - Shot Misses the Net.
19:07 of 2nd period - Slapshot by Chris Campoli.
19:07 of 2nd period - Shot Misses the Net.
19:14 of 2nd period - Icing by Nick Mattson.
19:15 of 2nd period - Sam Reinhart wins face-off versus Henrik Samuelsson in Saguenéens zone.
19:20 of 2nd period - Snap shot by Anthony Mantha.
19:20 of 2nd period - Shot Misses the Net.
19:22 of 2nd period - Slapshot by Tim Schaller.
19:22 of 2nd period - Goal by Tim Schaller - Monarchs : 3 - Saguenéens : 1.
19:23 of 2nd period - Nathan MacKinnon wins face-off versus Alexander Wennberg in neutral zone.
19:27 of 2nd period - Icing by Nick Mattson.
19:28 of 2nd period - Nathan MacKinnon wins face-off versus Alexander Wennberg in Saguenéens zone.
19:29 of 2nd period - Wrist shot by Craig Smith.
19:29 of 2nd period - Stopped by Joe Cannata with a rebound.
19:31 of 2nd period - Snap shot by Craig Smith.
19:31 of 2nd period - Shot Blocked by Mason Raymond.
19:33 of 2nd period - Slapshot by Aaron Ekblad.
19:33 of 2nd period - Stopped by Joe Cannata without a rebound.
19:34 of 2nd period - Alexander Wennberg wins face-off versus Nathan MacKinnon in Saguenéens zone.
19:39 of 2nd period - Slapshot by Garnet Hathaway.
19:39 of 2nd period - Stopped by Eric Comrie without a rebound.
19:40 of 2nd period - Nathan MacKinnon wins face-off versus Alexander Wennberg in Monarchs zone.
19:40 of 2nd period - JT Compher is hit by Seth Helgeson and loses puck.
19:47 of 2nd period - Snap shot by Alexander Wennberg.
19:47 of 2nd period - Stopped by Eric Comrie without a rebound.
19:48 of 2nd period - Nathan MacKinnon wins face-off versus Alexander Wennberg in Monarchs zone.
19:48 of 2nd period - Nathan MacKinnon is hit by Seth Helgeson.
Goals for this period are 3 for Monarchs vs 1 for Saguenéens.
Shots for this period are 13 for Monarchs vs 16 for Saguenéens.
3rd period
0:01 of 3rd period - Alexander Wennberg wins face-off versus Max Reinhart in neutral zone.
0:06 of 3rd period - Aaron Ekblad is hit by Garnet Hathaway and loses puck.
0:25 of 3rd period - Craig Smith is hit by Nick Mattson and loses puck.
1:10 of 3rd period - Snap shot by Max Friberg.
1:10 of 3rd period - Shot Misses the Net.
1:12 of 3rd period - Slapshot by Morgan Rielly.
1:12 of 3rd period - Shot Blocked by Mike Amadio.
1:14 of 3rd period - Snap shot by Brendan Lemieux.
1:14 of 3rd period - Deflect By Max Reinhart.
1:14 of 3rd period - Stopped by Joe Cannata with a rebound.
1:24 of 3rd period - Griffin Reinhart is hit by Patrick Sieloff and loses puck.
1:49 of 3rd period - Wrist shot by Tobias Rieder.
1:49 of 3rd period - Stopped by Eric Comrie with a rebound.
1:57 of 3rd period - Robert Hagg is hit by Oliver Bjorkstrand and loses puck.
2:14 of 3rd period - Snap shot by Patrick Sieloff.
2:14 of 3rd period - Deflect By Mark Stone.
2:14 of 3rd period - Shot Blocked by Tim Schaller.
2:14 of 3rd period - Puck is out of play.
2:15 of 3rd period - Alexander Wennberg wins face-off versus Nathan MacKinnon in Monarchs zone.
2:25 of 3rd period - Snap shot by Alexander Wennberg.
2:25 of 3rd period - Stopped by Eric Comrie without a rebound.
2:26 of 3rd period - Max Reinhart wins face-off versus Alexander Wennberg in Monarchs zone.
2:26 of 3rd period - Max Reinhart is hit by Seth Helgeson.
2:42 of 3rd period - Slapshot by Alexander Wennberg.
2:42 of 3rd period - Deflect By Mason Raymond.
2:42 of 3rd period - Shot Misses the Net.
2:42 of 3rd period - Puck is out of play.
2:43 of 3rd period - Sam Reinhart wins face-off versus Henrik Samuelsson in Monarchs zone.
2:43 of 3rd period - Sam Reinhart is hit by Carl Hagelin.
2:53 of 3rd period - Snap shot by Tobias Rieder.
2:53 of 3rd period - Shot Misses the Net.
2:57 of 3rd period - Slapshot by Carl Hagelin.
2:57 of 3rd period - Stopped by Eric Comrie with a rebound.
2:59 of 3rd period - Snap shot by Carl Hagelin.
2:59 of 3rd period - Stopped by Eric Comrie with a rebound.
3:32 of 3rd period - Max Reinhart is hit by Mark Stone and loses puck.
4:27 of 3rd period - Sam Reinhart is hit by Carl Hagelin and loses puck.
4:38 of 3rd period - Slapshot by Aaron Ekblad.
4:38 of 3rd period - Shot Misses the Net.
5:24 of 3rd period - Slapshot by Griffin Reinhart.
5:24 of 3rd period - Deflect By Robert Hagg.
5:24 of 3rd period - Stopped by Joe Cannata without a rebound.
5:25 of 3rd period - Nathan MacKinnon wins face-off versus Mark Stone in Saguenéens zone.
5:26 of 3rd period - Slapshot by Craig Smith.
5:26 of 3rd period - Stopped by Joe Cannata with a rebound.
5:32 of 3rd period - Snap shot by Nathan MacKinnon.
5:32 of 3rd period - Shot Misses the Net.
5:34 of 3rd period - Backhand shot by Nathan MacKinnon.
5:34 of 3rd period - Stopped by Joe Cannata with a rebound.
5:36 of 3rd period - Snap shot by Nathan MacKinnon.
5:36 of 3rd period - Stopped by Joe Cannata without a rebound.
5:37 of 3rd period - Nathan MacKinnon wins face-off versus Henrik Samuelsson in Saguenéens zone.
6:03 of 3rd period - Sam Reinhart is hit by Mason Raymond.
6:51 of 3rd period - Slapshot by Curtis Lazar.
6:51 of 3rd period - Shot Misses the Net.
7:09 of 3rd period - Craig Smith is hit by Henrik Samuelsson and loses puck.
7:35 of 3rd period - Anthony Mantha is hit by Mason Raymond.
7:36 of 3rd period - Icing by Anthony Mantha.
7:37 of 3rd period - Sam Reinhart wins face-off versus Carl Hagelin in Monarchs zone.
7:42 of 3rd period - Henrik Samuelsson is hit by Sam Reinhart and loses puck.
9:09 of 3rd period - Backhand shot by Henrik Samuelsson.
9:09 of 3rd period - Stopped by Eric Comrie with a rebound.
9:15 of 3rd period - Wrist shot by Tobias Rieder.
9:15 of 3rd period - Stopped by Eric Comrie without a rebound.
9:16 of 3rd period - Max Reinhart wins face-off versus Alexander Wennberg in Monarchs zone.
9:25 of 3rd period - Snap shot by Alexander Wennberg.
9:25 of 3rd period - Stopped by Eric Comrie without a rebound.
9:26 of 3rd period - Alexander Wennberg wins face-off versus Max Reinhart in Monarchs zone.
9:31 of 3rd period - Snap shot by Alexander Wennberg.
9:31 of 3rd period - Shot Blocked by Aaron Ekblad.
9:33 of 3rd period - Wrist shot by Mason Raymond.
9:33 of 3rd period - Stopped by Eric Comrie with a rebound.
9:35 of 3rd period - Slapshot by Nick Mattson.
9:35 of 3rd period - Stopped by Eric Comrie with a rebound.
9:37 of 3rd period - Wrist shot by Seth Helgeson.
9:37 of 3rd period - Shot Misses the Net.
9:39 of 3rd period - Wrist shot by Mason Raymond.
9:39 of 3rd period - Deflect By Alexander Wennberg.
9:39 of 3rd period - Stopped by Eric Comrie without a rebound.
9:40 of 3rd period - Nathan MacKinnon wins face-off versus Alexander Wennberg in Monarchs zone.
9:56 of 3rd period - Griffin Reinhart is hit by Mason Raymond and loses puck.
10:38 of 3rd period - Wrist shot by Mason Raymond.
10:38 of 3rd period - Shot Blocked by Jeff Petry.
11:13 of 3rd period - Slapshot by Alexander Wennberg.
11:13 of 3rd period - Shot Misses the Net.
11:15 of 3rd period - Minor Penalty to JT Compher for Roughing.
11:16 of 3rd period - Max Reinhart wins face-off versus Henrik Samuelsson in Monarchs zone.
11:25 of 3rd period - Mark Pysyk is hit by Patrick Sieloff and loses puck.
12:33 of 3rd period - Aaron Ekblad is hit by Mark Stone and loses puck.
13:05 of 3rd period - Tim Schaller is hit by Julius Honka and loses puck.
13:15 of 3rd period - Penalty to JT Compher is over, JT Compher is back on ice.
13:30 of 3rd period - Teemu Pulkkinen is hit by Anthony Mantha and loses puck.
13:41 of 3rd period - Mattias Janmark is hit by Brendan Lemieux and loses puck.
14:30 of 3rd period - Teemu Pulkkinen is hit by Aaron Ekblad and loses puck.
15:10 of 3rd period - Carl Hagelin is hit by Chris Campoli and loses puck.
15:25 of 3rd period - Wrist shot by Nathan MacKinnon.
15:25 of 3rd period - Deflect By JT Compher.
15:25 of 3rd period - Goal by JT Compher - Monarchs : 4 - Saguenéens : 1.
15:26 of 3rd period - Sam Reinhart wins face-off versus Alexander Wennberg in neutral zone.
16:13 of 3rd period - Wrist shot by Craig Cunningham.
16:13 of 3rd period - Shot Misses the Net.
16:15 of 3rd period - Wrist shot by Craig Cunningham.
16:15 of 3rd period - Shot Misses the Net.
16:17 of 3rd period - Slapshot by Craig Cunningham.
16:17 of 3rd period - Shot Misses the Net.
16:19 of 3rd period - Slapshot by Robert Hagg.
16:19 of 3rd period - Shot Blocked by Brendan Lemieux.
16:45 of 3rd period - Rhett Rakhshani is hit by Aaron Ekblad and loses puck.
17:21 of 3rd period - Slapshot by Craig Smith.
17:21 of 3rd period - Shot Blocked by Robert Hagg.
17:39 of 3rd period - Snap shot by Max Friberg.
17:39 of 3rd period - Shot Misses the Net.
17:41 of 3rd period - Slapshot by Max Friberg.
17:41 of 3rd period - Deflect By Max Reinhart.
17:41 of 3rd period - Shot Blocked by Seth Helgeson.
17:41 of 3rd period - Puck is out of play.
17:42 of 3rd period - Alexander Wennberg wins face-off versus Max Reinhart in Saguenéens zone.
18:07 of 3rd period - Griffin Reinhart is hit by Mark Stone and loses puck.
18:20 of 3rd period - Brendan Lemieux is hit by Nick Mattson and loses puck.
18:35 of 3rd period - Henrik Samuelsson is hit by Sam Reinhart and loses puck.
18:59 of 3rd period - Alexander Wennberg is hit by JT Compher and loses puck.
19:14 of 3rd period - Aaron Ekblad is hit by Rhett Rakhshani and loses puck.
19:19 of 3rd period - Snap shot by Teemu Pulkkinen.
19:19 of 3rd period - Shot Misses the Net.
19:25 of 3rd period - Teemu Pulkkinen is hit by Mark Pysyk and loses puck.
Goals for this period are 1 for Monarchs vs 0 for Saguenéens.
Shots for this period are 6 for Monarchs vs 10 for Saguenéens.
Back to the Top